 Dungeon Crawl Stone Soup version 0.21-a0-203-gb066a6e (webtiles) character file.

184 epen the Insei (level 5, -2/41 HPs)
             Began as a Gnoll Transmuter on Aug 19, 2017.
             Was a Believer of Cheibriados.
             Killed from afar by an orc wizard (11 damage)
             ... with a puff of frost
             ... on level 3 of the Dungeon.
             The game lasted 00:06:44 (3835 turns).

epen the Insei (Gnoll Transmuter)                   Turns: 3835, Time: 00:06:46

Health: -2/41      AC:  4    Str:  7    XL:     5   Next: 64%
Magic:  4/11       EV: 13    Int:  7    God:    Cheibriados [**....]
Gold:   170        SH:  0    Dex:  7    Spells: 6/12 levels left

rFire    . . .     SeeInvis +     - Unarmed
rCold    . . .     Gourm    .   (no shield)
rNeg     . . .     Faith    .   b - +0 robe
rPois    .         Spirit   .   (no helmet)
rElec    .         Reflect  .   (no cloak)
rCorr    .         Harm     .   g - +0 pair of gloves
MR       .....                  e - +0 pair of boots
Stlth    +.........             (no amulet)
HPRegen  0.13/turn              r - ring of see invisible
MPRegen  0.12/turn              v - +6 ring of intelligence

@: very slow
A: unchanging attributes, fangs 1, strong nose
a: Bend Time, Renounce Religion


You were on level 3 of the Dungeon.
You worshipped Cheibriados.
Cheibriados was pleased with you.
You were hungry.

You visited 1 branch of the dungeon, and saw 3 of its levels.

You collected 170 gold pieces.

Inventory:

Missiles
 a - 22 arrows
Armour
 b - a +0 robe (worn)
 e - a +0 pair of boots (worn)
 g - a +0 pair of gloves (worn)
Jewellery
 j - a +4 ring of dexterity
 r - a ring of see invisible (left hand)
 v - a +6 ring of intelligence (right hand)
Scrolls
 m - 2 scrolls of teleportation {unknown}
 n - a scroll of enchant armour {unknown}
 q - 2 scrolls of identify {unknown}
 s - a scroll of fog {unknown}
 t - a scroll of recharging {unknown}
 w - a scroll of remove curse {unknown}
Potions
 h - a potion of flight {unknown}
 i - 2 potions of curing {unknown}
 l - a potion of lignification {unknown}
 o - a potion of haste {unknown}
 p - a potion of magic {unknown}
 x - a potion of resistance {unknown}
Books
 c - a book of Changes

   Spells                             Type                      Level
   a - Beastly Appendage              Transmutation                1
   b - Sticks to Snakes               Transmutation                2
   c - Spider Form                    Transmutation/Poison         3
   d - Ice Form                       Ice/Transmutation            4
   e - Blade Hands                    Transmutation                5
Comestibles
 d - 2 bread rations
 f - 3 meat rations
 k - 3 fruits
 u - 8 chunks of flesh


   Skills:
 + Level 3.0 Fighting
 + Level 3.8 Dodging
 * Level 5.9 Unarmed Combat
 + Level 4.0 Spellcasting
 + Level 3.6 Transmutations
 + Level 0.0 Invocations


You had 6 spell levels left.
You knew the following spells:

 Your Spells              Type           Power        Failure   Level  Hunger
a - Beastly Appendage     Tmut           #.....       7%          1    ##.....
b - Sticks to Snakes      Tmut           #.......     11%         2    ###....
c - Spider Form           Tmut/Pois      #.........   41%         3    ####...


Dungeon Overview and Level Annotations

Branches:
Dungeon (3/15)

Altars:
Cheibriados
Makhleb


Innate Abilities, Weirdness & Mutations

Your physical attributes are unchanging.
You have very sharp teeth.
Your uncanny sense of smell can sniff out nearby items.


Message History

The orc wizard casts a spell at you. The puff of flame misses you.
The puff of flame hits the orc.
The orc dies!
The orc wizard casts a spell at you. The magic dart hits you!
The orc barely misses you. The orc wizard hits you with a dagger.
There is an open door here.
Things that are here:
a flail; a ring mail; an orc corpse The orc hits your adder with a dagger.
The orc wizard hits you with a dagger. The orc barely misses your adder.
The orc wizard points at you and mumbles some strange words.
The puff of frost hits you!
* * * LOW HITPOINT WARNING * * *
Unknown command.
You hit the orc wizard.
The orc wizard is moderately wounded.
The orc wizard gestures at you while chanting.
The puff of frost hits you!
You die...

.......#..................
..##......................
...........o####......###.
..###.....o...............
#####.#.P####..###########
.........#..#..#..'...#..#
######...#[.#..#..#...#..#
#...#S##.P####)..##)#
##..@oo......##)##..P
#.).................
#)#'#####...........
#.#..#..###'#..#'##.
#.#..#..).S.#.P#..#.
##.#######...#..#..#.
#.....รท..#####..####.
#....................
#...#.####..........#


You could see an orc wizard (invisible), an orc and a friendly adder.

Vanquished Creatures
  Natasha (D:3)
  5 adders
  A worm (D:2)
  3 dart slugs
  6 orcs (D:3)
  3 bats
  5 giant cockroaches
  5 hobgoblins
  2 ball pythons
  4 frilled lizards
  11 goblins
  8 kobolds
  7 rats
61 creatures vanquished.

Vanquished Creatures (collateral kills)
  Natasha (twice) (D:3)
  An adder (D:2)
  A worm (D:3)
  4 orcs (D:3)
  A ball python (D:3)
  A goblin (D:3)
  A hobgoblin (D:3)
11 creatures vanquished.

Vanquished Creatures (others)
  An orc (D:3)
1 creature vanquished.

Grand Total: 73 creatures vanquished

Notes
Turn   | Place    | Note
-------+----------+-------------------------------------------
     0 | D:1      | epen the Gnoll Transmuter began the quest for the Orb.
     0 | D:1      | Reached XP level 1. HP: 15/15 MP: 4/4
   335 | D:1      | Reached XP level 2. HP: 22/22 MP: 6/6
   609 | D:1      | Learned a level 2 spell: Sticks to Snakes
  1242 | D:2      | Found a burning altar of Makhleb.
  1242 | D:2      | Found a snail-covered altar of Cheibriados.
  1247 | D:2      | Became a worshipper of Cheibriados the Contemplative
  1327 | D:2      | Reached XP level 3. HP: 11/27 MP: 7/7
  1546 | D:2      | Learned a level 3 spell: Spider Form
  2049 | D:2      | Reached XP level 4. HP: 25/34 MP: 9/9
  2176 | D:2      | Reached skill level 5 in Unarmed Combat
  2675 | D:3      | Noticed Natasha
  2683 | D:3      | Killed Natasha
  2683 | D:3      | Reached * piety under Cheibriados
  2791 | D:3      | HP: 1/34 [orc/trident (7)]
  3005 | D:3      | Noticed Natasha
  3017 | D:3      | Killed Natasha
  3017 | D:3      | Reached XP level 5. HP: 29/40 MP: 6/10
  3241 | D:3      | Noticed Natasha
  3256 | D:3      | Killed Natasha
  3826 | D:3      | Reached ** piety under Cheibriados
  3835 | D:3      | Killed from afar by an orc wizard

Vault maps used:
D:1:      matt_arrival_refuge
D:2:      gammafunk_temple_overflow_wave
D:3:      corexii_shack_village, gammafunk_temple_overflow_claw, first_bread,
          uniq_natasha

Skill      XL: |  1  2  3  4  5 |
---------------+----------------+-----
Fighting       | 2 3 |  3.0
Dodging        | 3 |  3.8
Transmutations | 3 |  3.6
Unarmed Combat | 5 |  5.9
Spellcasting   | 4 |  4.0

Action                   |  1- 3 |  4- 6 || total
-------------------------+-------+-------++-------
Melee: Unarmed           |   139 |   158 ||   297
       Bite              |     5 |     6 ||    11
 Cast: Sticks to Snakes  |     6 |    22 ||    28
 Stab: Distracted        |     1 |       ||     1
  Eat: Chunk             |     4 |     6 ||    10
Armor: Robe              |    36 |    24 ||    60
Dodge: Dodged            |    86 |    76 ||   162
